 Dungeon Crawl Stone Soup version 0.27-a0-1105-g946c659c87 (webtiles) character file.

Game seed: 9340089173690795573

18 kae the Skirmisher (level 2, -2/24 HPs)
             Began as a Demonspawn Abyssal Knight on Apr 29, 2021.
             Was a Follower of Lugonu.
             Killed by nerve-wracking pain
             ... invoked by Jessica
              (8 damage)
             ... on level 2 of the Dungeon.
             The game lasted 00:00:50 (1382 turns).

kae the Skirmisher (Demonspawn Abyssal Knight)      Turns: 1382, Time: 00:00:51

Health: -2/24      AC:  5    Str: 12    XL:     2   Next: 48%
Magic:  4/4        EV: 11    Int: 13    God:    Lugonu [*.....]
Gold:   27         SH:  0    Dex: 12    Spells: 1/1 levels left

rFire    . . .     SeeInvis .   a - +1 falchion
rCold    . . .     Faith    .   (no shield)
rNeg     . . .     Spirit   .   b - +0 leather armour
rPois    .         Reflect  .   (no helmet)
rElec    .         Harm     .   (no cloak)
rCorr    .         Rampage  .   (no gloves)
Will     .....                  (no boots)
Stlth    +.........             (no amulet)
HPRegen  0.08/turn              (no ring)
MPRegen  0.09/turn              (no ring)

@: slowed, very slow
A: slimy green scales 1
a: Renounce Religion, Depart the Abyss


You were on level 2 of the Dungeon.
You worshipped Lugonu.
Lugonu was aware of your devotion.
You visited 1 branch of the dungeon, and saw 2 of its levels.
You visited the Abyss 1 time.

You collected 27 gold pieces.

Inventory:

Hand Weapons
 a - a +1 falchion (weapon)
Armour
 b - a +0 leather armour (worn)
Scrolls
 c - a scroll of noise {unknown}
Potions
 d - a potion of curing
 e - a potion of haste
 g - a potion of mutation {unknown}


   Skills:
 + Level 3.1 Fighting
 * Level 2.2 Long Blades
 + Level 2.0 Armour
 + Level 1.1 Dodging
 + Level 2.7 Invocations


You had one spell level left.
You didn't know any spells.
Your spell library contained the following spells:

 Spells                   Type           Power      Damage    Failure   Level
 Magic Dart               Conj           0%         1d3       36%         1
 Searing Ray              Conj           0%         3d3       52%         2
 Dazzling Flash           Conj/Hex       0%         N/A       75%         3
 Fulminant Prism          Conj/Hex       0%         3d6       98%         4
 Iskenderun's Mystic Bla  Conj/Tloc      0%         2d3       98%         4


Dungeon Overview and Level Annotations

Branches:
Dungeon (2/15)

Altars:

Annotations:
D:2 Jessica


Innate Abilities, Weirdness & Mutations

You are partially covered in slimy green scales. (AC +2)


Message History

HP restored.
c - a scroll labelled LINLOY JIARUA
Found a stone staircase leading up and a stone staircase leading down.
Found a cloak.
You see here a +0 cloak.
Jessica the Apprentice Sorceress comes into view.
She is wielding a +0 dagger.
Jessica shouts!
Jessica hits you with a +0 dagger.
You slash Jessica!
Jessica is almost dead.
Jessica points at you and mumbles some strange words.
You feel yourself slow down.
You barely miss Jessica.
Jessica is almost dead.
Jessica hits you but does no damage. Jessica hits you with a +0 dagger.
You barely miss Jessica.
Jessica is almost dead.
Jessica hits you with a +0 dagger. x2
You are too injured to fight recklessly!
You are too injured to fight recklessly!
You are too injured to fight recklessly!
You are too injured to fight recklessly!
You are too injured to fight recklessly!
You closely miss Jessica.
Jessica is almost dead.
Jessica casts a spell.
Jessica blinks!
Jessica closely misses you.
You riposte.
You closely miss Jessica.
Jessica is almost dead.
You barely miss Jessica.
Jessica is almost dead.
Jessica hits you with a +0 dagger. Jessica casts a spell at you.
Pain shoots through your body!
* * * LOW HITPOINT WARNING * * *
You hit Jessica but do no damage.
Jessica is almost dead.
Jessica gestures at you while chanting. Pain shoots through your body!
You die...

#
##.####.###.#
### #...[...#
#.# ..#
##.####.###.#
#.# # ###
#.....#
#.#..<.
###.###
....... #.#
######. #.# #
#####.# #
#..@@.# #
#.##### # # #
#


You could see Jessica.

Vanquished Creatures
  3 endoplasms (D:1)
  A hobgoblin (D:1)
  4 ball pythons
  3 bats (D:1)
  A goblin (D:1)
  5 kobolds (D:1)
  A rat (D:1)
18 creatures vanquished.

Notes
Turn   | Place    | Note
-------+----------+-------------------------------------------
     0 | Abyss:1  | kae the Demonspawn Abyssal Knight began the quest for the
                  | Orb.
     0 | Abyss:1  | Reached XP level 1. HP: 18/18 MP: 2/2
   109 | Abyss:1  | Noticed a large abomination
   110 | D:1      | Escaped the Abyss
   209 | D:1      | Reached * piety under Lugonu
   214 | D:1      | Reached skill level 1 in Dodging
   429 | D:1      | Gained mutation: You are partially covered in slimy green
                  | scales. (AC +2) [demonic ancestry]
   429 | D:1      | Reached XP level 2. HP: 14/24 MP: 3/3
  1374 | D:2      | Noticed Jessica
  1382 | D:2      | Killed from afar by Jessica

Illustrated notes

Levels and vault maps discovered:
D:1:      noname_arrival_rooms_in_the_neighbourhood, layout_basic
D:2:      layout_loops_ring, basic_ecumenical_altar, uniq_jessica

Skill      XL: |  1  2 |
---------------+-------+-----
Long Blades    | 2 |  2.2
Dodging        | 1 |  1.1
Armour         | 2 |  2.0
Fighting       | |  3.1
Invocations    | |  2.7

Action                   || total
-------------------------++-------
Melee: Falchion          ||    64
Invok: Depart the Abyss  ||     1
  Use: Scroll            ||     3
       Potion            ||     1
Armor: Leather armour    ||    31
       Skin              ||     4
Dodge: Dodged            ||    42
       Rpst.: Falchion   ||    12

Table legend: (Time is in decaauts)
 A = Elapsed time spent in this place.
 B = Non-inter-level travel time spent in this place.
 C = Inter-level travel time spent in this place.
 D = Time resting spent in this place.
 E = Time spent auto-exploring this place.
 F = Levels seen in this place.
 G = Mean time per level.
                   A        B        C        D        E       F      G
               +--------+--------+--------+--------+--------+-----+--------+
         Total |   1397 |   1380 |     17 |    165 |   1062 |   3 |  465.7 |
       Dungeon |   1287 |   1270 |     17 |    165 |    955 |   2 |  643.5 |
         Abyss |    110 |    110 |      0 |      0 |    107 |   1 |  110.0 |
               +--------+--------+--------+--------+--------+-----+--------+

Top non-repeatable levels by time:
     D:1: 1192 daAuts
 Abyss:1: 110 daAuts
     D:2: 94 daAuts
